 Dungeon Crawl Stone Soup version 0.18-a0-1560-ge216ca8 (webtiles) character file.

1127 mopl the Grappler (level 8, 0/66 HPs)
             Began as a Ghoul Monk on Mar 12, 2016.
             Slain by an adder (4 damage)
             ... on level 4 of the Dungeon.
             The game lasted 00:11:17 (3821 turns).

mopl the Grappler (Ghoul Monk)                      Turns: 3821, Time: 00:11:18

Health: 0/66       AC:  3    Str: 15    XL:     8   Next: 35%
Magic:  16/16      EV: 14    Int:  5    God:
Gold:   300        SH:  0    Dex: 22    Spells: 0 memorised, 7 levels left

rFire  . . .     SeeInvis +       - Unarmed
rCold  + . .     Gourm    .     a - +0 robe
rNeg   + + +     Faith    .     (no shield)
rPois  ∞         Spirit   .     (no helmet)
rElec  .         Dismiss  .     l - +0 cloak
rCorr  .         Reflect  .     (no gloves)
SustAt .         Harm     .     (no boots)
MR     .....                    (no amulet)
Stlth  ++........               t - ring "Ijix" {MP+9 Dex+9 SInv, =R}
                                (no ring)

@: rotting, not resistant to hostile enchantments, unstealthy
A: rotting body, claws 1, carnivore 3, cold resistance 1, negative energy
resistance 3, slow regeneration 1, torment resistance, unbreathing
a: no special abilities


You were on level 4 of the Dungeon.
You were not hungry.

You visited 1 branch of the dungeon, and saw 4 of its levels.
You also visited: Sewer.

You collected 300 gold pieces.

Inventory:

Hand Weapons
 b - a +0 blowgun
Missiles
 u - 4 tomahawks (quivered)
Armour
 a - a +0 robe (worn)
 l - a +0 cloak (worn)
 m - a +0 ring mail
 w - a +1 pair of gloves
Jewellery
 q - an uncursed ring of wizardry
 t - the ring "Ijix" (right claw) {MP+9 Dex+9 SInv, =R}
   (You found it in a sewer)

   [ring of magical power]

   It affects your dexterity (+9).
   It affects your magic capacity (+9).
   It lets you see invisible.
Scrolls
 c - 2 scrolls of remove curse
 d - a scroll of identify {unknown}
 g - 2 scrolls of teleportation
 h - a scroll of noise
 n - a scroll of blinking {unknown}
 r - a scroll of enchant weapon {unknown}
 v - a scroll of fog {unknown}
Potions
 e - 2 potions of resistance {unknown}
 j - a potion of degeneration {unknown}
 o - a potion of flight {unknown}
 p - 2 potions of curing {unknown}
Comestibles
 f - a beef jerky
 i - 17 chunks of flesh
 k - 4 meat rations
 s - 2 royal jellies


   Skills:
 + Level 3.8 Fighting
 + Level 3.3 Dodging
 - Level 2.1 Stealth
 * Level 10.8 Unarmed Combat


You had 7 spell levels left.
You didn't know any spells.

Dungeon Overview and Level Annotations

Branches:
Dungeon (4/15)
 Temple: D:4-7

Altars:
Elyvilon
Fedhas
Sif Muna
Vehumet
Xom


Innate Abilities, Weirdness & Mutations

Your body is rotting away.
You thrive on raw meat.
You are immune to poison.
You have sharp fingernails.
You are carnivorous and can eat meat at any time.
Your flesh is cold resistant.
You are immune to negative energy.
You regenerate slowly when monsters are visible.
You are immune to unholy pain and torment.
You can survive without breathing.


Message History

Things that are here:
a spear; a gnoll skeleton The gnoll sergeant shouts!
A gnoll comes into view. It is wielding a spear.
Things that are here:
a club; a gnoll skeleton The adder bites you.
* * * LOW HITPOINT WARNING * * *
The adder bites you.
* * * LOW HITPOINT WARNING * * *
The adder closely misses you.
The gnoll hits you from afar with a halberd!
* * * LOW HITPOINT WARNING * * *
The adder closely misses you.
Some of the chunks of flesh in your inventory have rotted away.
You see here a bread ration.
The adder bites you but does no damage. The adder barely misses you.
The adder bites you.
You die...

#.#)# #.# #######.#.# #.#
#.......#.# #.# #.#######.# #.#
#.# ##.## #.# #)# #...# #.# #.#
#..## #.### #.# #.## #.... #.#
#@# ##### #.# #S# #.# #g# ##.##
#.# #...# #g######## #...#
#...%gg..#
########...##....######g#########
.................................
...≈≈≈≈≈≈≈≈≈≈≈≈≈≈≈≈≈≈≈.g.g≈≈≈≈≈≈≈


You could see a gnoll sergeant, a gnoll and an adder.

Vanquished Creatures
  Eustachio (D:4)
  A giant frog (Sewer)
  A vampire bat (D:3)
  A howler monkey (D:4)
  2 gnoll shamans (D:4)
  A giant frog skeleton (D:3)
  3 orc wizards
  A hound (D:4)
  An iguana (D:4)
  3 worker ants
  26 gnolls (D:4)
  7 adders
  A shadow imp (D:3)
  An ooze (D:2)
  2 worms
  2 dart slugs
  3 fire bats (D:3)
  4 giant geckos
  8 orcs
  2 spectral bats (D:3)
  18 bats
  3 bat skeletons (D:3)
  A bat zombie (D:3)
  9 giant cockroaches
  9 hobgoblins
  17 jackals
  2 ball pythons
  A bat simulacrum (D:3)
  13 giant newts
  8 goblins
  13 kobolds
  10 rats
175 creatures vanquished.

Notes
Turn   | Place    | Note
--------------------------------------------------------------
     0 | D:1      | mopl the Ghoul Monk began the quest for the Orb.
     0 | D:1      | Reached XP level 1. HP: 19/19 MP: 0/0
    23 | D:1      | Found a shimmering altar of Xom.
   205 | D:1      | Reached XP level 2. HP: 9/26 MP: 1/1
   229 | D:1      | Reached skill level 5 in Unarmed Combat
   414 | D:1      | Reached XP level 3. HP: 27/31 MP: 2/2
   822 | D:2      | Found a radiant altar of Vehumet.
   822 | D:2      | Found a white marble altar of Elyvilon.
  1055 | D:2      | Reached skill level 6 in Unarmed Combat
  1055 | D:2      | Reached XP level 4. HP: 33/38 MP: 3/3
  1568 | D:2      | Found a deep blue altar of Sif Muna.
  1871 | D:3      | Reached XP level 5. HP: 20/45 MP: 4/4
  1896 | D:3      | Found a blossoming altar of Fedhas.
  1988 | D:3      | Reached skill level 7 in Unarmed Combat
  2061 | D:3      | Found a glowing drain.
  2065 | Sewer    | Entered a sewer
  2178 | Sewer    | Reached XP level 6. HP: 49/51 MP: 5/5
  2312 | Sewer    | Reached skill level 8 in Unarmed Combat
  2328 | Sewer    | Got a faintly glowing iron ring
  2330 | Sewer    | Identified the ring "Ijix" {MP+9 Dex+9 SInv} (You found it in a sewer)
  2633 | D:3      | Reached XP level 7. HP: 51/57 MP: 6/6
  2849 | D:4      | Reached skill level 9 in Unarmed Combat
  3354 | D:4      | Noticed Eustachio
  3385 | D:4      | Killed Eustachio
  3385 | D:4      | Reached skill level 10 in Unarmed Combat
  3407 | D:4      | Reached XP level 8. HP: 53/63 MP: 7/7
  3640 | D:4      | Reached skill level 3 in Dodging
  3809 | D:4      | HP: 3/66 [gnoll/halberd (7)]
  3821 | D:4      | Slain by an adder

Vault maps used:
D:1:      minmay_arrival_open_corners, xom_teletrap_fun
D:2:      grunt_temple_overflow_open, lemuel_blue_sif_altar
D:3:      marbit_many_paths, gup_sewer_entry_bowl, minivault_27, goddamned_bats
D:4:      lemuel_castle_with_subvaults, first_bread, uniq_eustachio
Sewer:    sewer_frog_island_01

Skill      XL: |  1  2  3  4  5  6  7  8 |
---------------+-------------------------+-----
Unarmed Combat | 5 6 7 8 10 | 10.8
Dodging        | 3 |  3.3
Fighting       | |  3.8
Stealth        | |  2.1

Action                   |  1- 3 |  4- 6 |  7- 9 || total
-------------------------+-------+-------+-------++-------
Melee: Unarmed           |   111 |   247 |   200 ||   558
  Use: Scroll            |       |       |     3 ||     3
 Stab: Sleeping          |     5 |     6 |     3 ||    14
       Distracted        |       |       |     2 ||     2
  Eat: Chunk             |     8 |    17 |    33 ||    58
